 Dungeon Crawl Stone Soup version 0.29.0-11-gd7f09526c8 (webtiles) character file.

Game seed: 6021038342409016440

2119 sentinel the Tainter (level 9, -2/52 (62) HPs)
             Began as a Meteoran Venom Mage on Sept 4, 2022.
             Was a Follower of Cheibriados.
             Slain by a wraith (5 damage)
             ... on level 9 of the Dungeon.
             The game lasted 00:13:19 (932 turns).

sentinel the Tainter (Meteoran Venom Mage)           Turns: 932, Time: 00:13:19

HP:   -2/52 (62)    AC:  3    Str: 14    XL:     9   Next: 84%
MP:   17/17         EV: 13    Int: 24    God:    Cheibriados [*.....]
Gold: 16            SH:  0    Dex: 17    Spells: 8/18 levels left

rFire   . . .      SeeInvis .   i - +5 dagger (venom)
rCold   + . .      Faith    .   (no shield)
rNeg    . . .      Spirit   .   a - +0 robe
rPois   .          Reflect  .   (no helmet)
rElec   .          Harm     .   h - +0 cloak
rCorr   .          Rampage  .   (no gloves)
Will    +....                   (no boots)
Stlth   +.........              (no amulet)
HPRegen 0.17/turn               c - ring of protection from cold
MPRegen 0.15/turn               (no ring)

@: flying, slowed, glowing, heavily drained, very slow
A: sense surroundings 2, otherworldly, glowing, explore regen
a: Renounce Religion, Bend Time


You were on level 9 of the Dungeon.
You worshipped Cheibriados.
Cheibriados was aware of your devotion.
You visited 2 branches of the dungeon, and saw 10 of its levels.

You collected 16 gold pieces.

Inventory:

Hand Weapons
 i - a +5 dagger of venom (weapon)
 j - a +0 flail
Missiles
 e - 3 boomerangs (quivered)
 m - 3 curare-tipped darts
 o - 5 javelins
Armour
 a - a +0 robe (worn)
 h - a +0 cloak (worn)
Jewellery
 c - a ring of protection from cold (left hand)
Scrolls
 f - 2 scrolls of fear
Potions
 b - a potion of magic
 d - a potion of flight
 g - a potion of attraction {unknown}
 k - a potion of curing {unknown}
 n - a potion of might {unknown}
 p - a potion of ambrosia {unknown}


   Skills:
 - Level 2.8 Throwing
 - Level 2.4 Dodging
 - Level 1.4 Stealth
 - Level 5.1 Spellcasting
 * Level 5.1 Summonings
 * Level 2.6 Translocations
 - Level 1.2 Transmutations
 - Level 12.2 Poison Magic


You had 8 spell levels left.
You knew the following spells:

 Your Spells              Type           Power      Damage    Failure   Level
a - Sting                 Tmut/Pois      100%       1d8       1%          1
t - Olgreb's Toxic Radia  Pois           60%        N/A       1%          4
F - Summon Forest         Summ/Tloc      12%        N/A       45%         5

Your spell library contained the following spells:

 Spells                   Type           Power      Damage    Failure   Level
 Poisonous Vapours        Pois/Air       70%        N/A       1%          2
 Spider Form              Tmut/Pois      38%        N/A       1%          3
 Mephitic Cloud           Conj/Pois/Air  25%        N/A       4%          3
 Beastly Appendage        Tmut           24%        N/A       5%          1
 Wereblood                Tmut           12%        N/A       8%          2
 Foxfire                  Conj/Fire      24%        2x1d5     9%          1
 Portal Projectile        Hex/Tloc       24%        N/A       16%         3
 Conjure Flame            Conj/Fire      6%         6-21      26%         3
 Inner Flame              Hex/Fire       6%         N/A       26%         3
 Tukima's Dance           Hex            6%         N/A       26%         3
 Eringya's Noxious Bog    Tmut/Pois      19%        N/A       63%         6
 Cause Fear               Hex            3%         N/A       65%         4
 Flame Wave               Conj/Fire      6%         2d5       65%         4
 Blade Hands              Tmut           6%         N/A       82%         5
 Dragon Form              Tmut           6%         N/A       100%        7
 Summon Hydra             Summ           15%        N/A       100%        7
 Dragon's Call            Summ           15%        N/A       100%        9


Dungeon Overview and Level Annotations

Branches:
Dungeon (9/15) Zot: 6853   Temple (1/1) D:5 Zot: 847
   Lair: D:8-11         Orc: D:9-12

Altars:
Cheibriados
Dithmenos
Elyvilon
Fedhas
Gozag
Hepliaklqana
Kikubaaqudgha
Makhleb
Nemelex Xobeh
Qazlal
Ru
Sif Muna
Trog
Uskayaw
Vehumet
Xom
Zin
The Shining One

Shops:
D:4 (   D:7 :


Innate Abilities, Weirdness & Mutations

You passively map the area around you.
You are easily found by Zot.
You glow in the dark.
You regain HP and MP as you explore.


Message History

You begin to radiate toxic energy.
The kobold brigand looks even sicker.
You kill the kobold!
Cheibriados appreciates the change of pace.
The kobold brigand closely misses you.
The sting misses the kobold brigand.
Your toxic aura wanes.
The kobold brigand hits you with a +0 short sword!
The kobold brigand barely misses you.
The kobold brigand hits you with a +0 short sword.
The kobold brigand barely misses you.
The kobold brigand hits you with a +0 short sword.
The kobold brigand throws a poisoned dart.
The poisoned dart hits you!
You are poisoned.
Casting: Sting (safe; 1% risk of failure)
Confirm with . or Enter, or press ? or * to list all spells.
You begin to radiate toxic energy.
You kill the kobold brigand!
Cheibriados appreciates the change of pace.
Cheibriados raises the support of your attributes as your movement slows.
You feel sick.
Your Summonings skill increases to level 5!
Your toxic aura wanes.
You feel sick.
You feel sick.
You feel sick.
You feel sick.
You feel sick.
You feel sick.
You feel sick.
You are no longer poisoned.
Magic restored.
Magic restored.
A wraith comes into view.
Aiming: Mindburst
Press: ? - help, Shift-Dir - straight line, f - wraith
Aim: a wraith (chance to affect: 29%)
Okay, then.
Okay, then.
Aiming: Mindburst
Press: ? - help, Shift-Dir - straight line, f - wraith
Aim: a wraith (chance to affect: 29%)
Okay, then.
Aiming: Mindburst
Press: ? - help, Shift-Dir - straight line, f - wraith
Aim: a wraith (chance to affect: 29%)
The wraith easily resists.
Aiming: Mindburst
Press: ? - help, Shift-Dir - straight line, f/p - wraith
Aim: a wraith (chance to affect: 29%)
The wraith easily resists.
The now-empty wand crumbles to dust.
Throw: 3 boomerangs
Press: ? - help, Q - select action, (/) - cycle Shift-Dir - straight line, f/p - wraith
Aim: a wraith (60% to hit)
You throw a boomerang. The boomerang hits the wraith.
The wraith is lightly damaged.
The wraith hits you. The wraith drains your vigour!
You feel yourself slow down.
Okay, then.
As you read the scroll labelled FUGUOH ICUROAS, it crumbles to dust.
You hear the tinkle of a tiny bell.
It was a scroll of butterflies.
The wraith hits you!
You swap places.
The wraith hits your butterfly.
Your butterfly dies!
Your butterfly disappears in a burst of colours!
You swap places.
The wraith hits you! The wraith drains your vigour!
You feel as though you will be slow longer.
The wraith hits you.
* * * LOW HITPOINT WARNING * * *
You swap places.
The wraith hits your butterfly!
Your butterfly dies!
Your butterfly disappears in a burst of colours!
The wraith completely misses your butterfly.
The wraith hits your butterfly.
Your butterfly dies!
Your butterfly disappears in a burst of colours!
The wraith hits you but does no damage.
You swap places.
Found 17 gold pieces.
The wraith closely misses your butterfly.
An orc comes into view. It is wielding a +0 dagger.
You swap places.
The wraith misses your butterfly.
The wraith barely misses your butterfly.
The wraith closely misses your butterfly.
The orc barely misses your butterfly.
You swap places.
You feel yourself speed up. The orc hits you but does no damage. x2
The wraith closely misses your butterfly.
You swap places.
The wraith hits your butterfly!
Your butterfly dies!
Your butterfly disappears in a burst of colours!
The orc hits you with a +0 dagger. The wraith hits your butterfly.
Your butterfly dies!
Your butterfly disappears in a burst of colours!
The orc misses you. The orc attacks as you move away!
The orc hits you with a +0 dagger.
The wraith closely misses your butterfly.
The orc hits you with a +0 dagger.
The wraith closely misses your butterfly.
Your butterfly disappears in a burst of colours!
Your butterfly disappears in a burst of colours! x4
The orc hits you with a +0 dagger. The orc attacks as you move away!
The orc hits you with a +0 dagger.
Your butterfly disappears in a burst of colours!
Your butterfly disappears in a burst of colours!
The orc hits you with a +0 dagger. The orc attacks as you move away!
The orc hits you but does no damage.
Found 7 gold pieces.
Your butterfly disappears in a burst of colours!
The orc hits you with a +0 dagger. The orc attacks as you move away!
The orc hits you with a +0 dagger.
Your butterfly disappears in a burst of colours!
You see here 7 gold pieces.
The orc attacks as you move away! The orc hits you with a +0 dagger.
The orc closely misses you. The orc attacks as you move away!
The orc hits you but does no damage. The orc hits you with a +0 dagger.
The orc hits you but does no damage. The orc attacks as you move away!
The orc hits you with a +0 dagger.
Okay, then.
You aren't carrying any items that you can evoke.
Unknown command.
A troll comes into view.
The troll shouts!
Okay, then.
You aren't carrying any items that you can evoke.
Unknown command.
The troll bites you! The troll barely misses you. x2
The wraith closely misses you.
Okay, then.
The troll bites you! The troll barely misses you. The troll claws you.
* * * LOW HITPOINT WARNING * * *
As you read the scroll of fear, it crumbles to dust.
You assume a fearsome visage.
The troll looks frightened!
The orc looks frightened!
The wraith is unaffected.
The wraith misses you. The wraith attacks as you move away!
The wraith hits you.
* * * LOW HITPOINT WARNING * * *
The wraith drains your vigour!
You feel yourself slow down. The wraith hits you!
* * * LOW HITPOINT WARNING * * *
The wraith drains your vigour!
You feel as though you will be slow longer.
HP warning!
It was a potion of flight.
You feel very buoyant.
You fly up into the air.
The troll howls in fear.
The wraith hits you.
You die...

, , , , **
* , *
#....... ,*
,, ,,
#....... ,
,* ***, *
#......
,#.....# *
, , #.....#
, , ,
#.....# ,,
#.....#####
*+*
#...@.....#
, ,,,
#..W......#
~ * *
#......T..#
, + , ,
#.######..#
*** #.# .#
, ######.#
, # ' ,
#......# ,
,#......# *
, ,
#+####.#


You could see a troll (fleeing) and a wraith.

Vanquished Creatures
  2 wyverns (D:8)
  5 yaks (D:6)
  2 steam dragons
  A sky beast (D:8)
  A kobold brigand (D:9)
  2 bullfrogs
  A necrophage (D:5)
  A gnoll sergeant (D:6)
  A hound (D:4)
  A jelly (D:6)
  5 orc priests
  3 orc wizards
  10 gnolls (D:6)
  3 adders
  A shadow imp (D:6)
  An ufetubus (D:6)
  A dart slug (D:4)
  10 orcs
  2 endoplasms
  2 goblins (D:4)
  2 hobgoblins (D:4)
  A ball python (D:4)
  A frilled lizard (D:1)
  6 kobolds
  2 rats
67 creatures vanquished.

Vanquished Creatures (others)
  A gnoll (D:6)
  A withered plant (D:7)
2 creatures vanquished.

Grand Total: 69 creatures vanquished

Notes
Turn   | Place    | Note
-------+----------+-------------------------------------------
     0 | D:1      | sentinel the Meteoran Venom Mage began the quest for the
                  | Orb.
     0 | D:1      | Reached XP level 1. HP: 14/14 MP: 5/5
    92 | D:3      | Found a blossoming altar of Fedhas.
   100 | D:3      | Reached skill level 4 in Poison Magic
   104 | D:3      | Reached XP level 2. HP: 20/20 MP: 1/6
   129 | D:4      | Noticed a hound
   134 | D:4      | Killed a hound
   135 | D:4      | Reached skill level 5 in Poison Magic
   135 | D:4      | Reached XP level 3. HP: 20/26 MP: 0/8
   135 | D:4      | Reached XP level 4. HP: 26/33 MP: 0/9
   143 | D:4      | Learned a level 4 spell: Olgreb's Toxic Radiance
   164 | D:4      | Noticed a wight
   164 | D:4      | Noticed an ogre
   164 | D:4      | Noticed a yak
   197 | D:4      | Found Voelebba's Weapon Shop.
   207 | D:4      | Reached skill level 6 in Poison Magic
   207 | D:4      | Reached XP level 5. HP: 38/38 MP: 1/10
   227 | D:5      | Entered Level 5 of the Dungeon
   227 | D:5      | Noticed a necrophage
   227 | D:5      | Found a staircase to the Ecumenical Temple.
   233 | Temple   | Entered the Ecumenical Temple
   233 | Temple   | Found a transporter.
   233 | Temple   | Found a transporter.
   235 | Temple   | Found a transporter.
   235 | Temple   | Found a transporter.
   276 | D:5      | Killed a necrophage
   277 | D:5      | Reached skill level 7 in Poison Magic
   277 | D:5      | Reached XP level 6. HP: 23/45 MP: 11/11
   375 | D:6      | Noticed a yak
   375 | D:6      | Noticed a yak
   375 | D:6      | Noticed a yak
   375 | D:6      | Noticed a yak
   384 | D:6      | Noticed a yak
   387 | D:6      | Killed a yak
   388 | D:6      | Reached skill level 8 in Poison Magic
   388 | D:6      | Reached XP level 7. HP: 50/50 MP: 5/12
   390 | D:6      | Killed a yak
   391 | D:6      | Reached skill level 9 in Poison Magic
   392 | D:6      | Killed a yak
   393 | D:6      | Reached skill level 10 in Poison Magic
   394 | D:6      | Killed a yak
   395 | D:6      | Reached XP level 8. HP: 57/57 MP: 4/13
   401 | D:6      | Found a glowing silver altar of Zin.
   413 | D:6      | Reached skill level 11 in Poison Magic
   416 | D:6      | Killed a yak
   422 | D:6      | Noticed a steam dragon
   430 | D:6      | Killed a steam dragon
   431 | D:6      | Reached skill level 12 in Poison Magic
   462 | D:6      | Found a hide-covered altar of Uskayaw.
   462 | D:6      | Found a bloodstained altar of Trog.
   505 | D:6      | Found a snail-covered altar of Cheibriados.
   505 | D:6      | Found a faded altar of an unknown god.
   511 | D:6      | Found an ancient bone altar of Kikubaaqudgha.
   513 | D:6      | Became a worshipper of Cheibriados the Contemplative
   558 | D:6      | Gained mutation: You passively map the area around you.
                  | [Meteoran growth]
   558 | D:6      | Reached XP level 9. HP: 45/62 MP: 7/14
   585 | D:6      | Learned a level 5 spell: Summon Forest
   594 | D:6      | Found an opulent altar of Gozag.
   650 | D:6      | Reached skill level 1 in Summonings
   699 | D:8      | Reached skill level 1 in Throwing
   724 | D:7      | Found Hyck's Book Shoppe.
   781 | D:8      | Reached * piety under Cheibriados
   783 | D:8      | Reached skill level 5 in Spellcasting
   823 | D:9      | Reached skill level 1 in Translocations
   882 | D:9      | Reached skill level 5 in Summonings
   927 | D:9      | Noticed a troll
   931 | D:9      | HP: 2/52 [wraith (11)]
   932 | D:9      | Slain by a wraith

Illustrated notes

Levels and vault maps discovered:
D:1:      lightli_arrival_noodles, layout_loops_ring, st_stairs_6
D:2:      minmay_spotlight, layout_rooms, ebering_ecumenical_altar_webs
D:3:      layout_basic, mainiacjoe_overflow_tiny_flanked
D:4:      layout_rooms, minitemple, serial_shops, nicolae_stop_n_shop_1,
          lightli_corner_chamber
D:5:      layout_basic, minmay_temple_entry_statues_pillars,
          minmay_misc_feat_doors, reono_crystal_passage
D:6:      layout_rooms, mainiacjoe_overflow_cross_hatched,
          chequers_temple_overflow_minitemple, nicolae_overflow_two_pavilions,
          zin_statuary, hangedman_abyss_or_decor_stabs, uniq_grinder
D:7:      layout_basic, serial_undead, serial_undead_d, serial_undead_e,
          serial_undead_d, serial_undead_d, serial_undead_e, serial_undead_e,
          serial_undead_b, nicolae_take_the_stairs, uniq_joseph
D:8:      layout_loops_ring, dpeg_oklobed_lair
D:9:      layout_irregular_city, serial_shops, nicolae_shop_hallway_plus,
          grunt_tough_drop
Temple:   hellmonk_temple_divided_pantheon

Skill      XL: |  1  2  3  4  5  6  7  8  9 |
---------------+----------------------------+-----
Poison Magic   | 4 5 6 7 8 10 12 | 12.2
Spellcasting   | 5 |  5.1
Summonings     | 5 |  5.1
Throwing       | 2 |  2.8
Translocations | 2 |  2.6
Dodging        | |  2.4
Stealth        | |  1.4
Transmutations | |  1.2

Action                   |  1- 3 |  4- 6 |  7- 9 || total
-------------------------+-------+-------+-------++-------
Melee: Dagger            |       |     5 |     1 ||     6
Throw: Dart              |       |     1 |     6 ||     7
       Javelin           |       |       |     1 ||     1
       Boomerang         |       |       |     1 ||     1
 Cast: Sting             |    19 |    10 |    28 ||    57
       Olgreb's Toxic Ra |       |     5 |    23 ||    28
Evoke: Wand              |     1 |     3 |     3 ||     7
  Use: Scroll            |       |     2 |     6 ||     8
       Potion            |       |       |     1 ||     1
Armor: Robe              |     2 |     2 |    20 ||    24
Dodge: Dodged            |     3 |     7 |    46 ||    56
